 Dungeon Crawl Stone Soup version 0.28.0-45-g0d030f2227 (webtiles) character file.

Game seed: 13440379141884608776

984 Kangaroobicon the Ruffian (level 7, -2/68 HPs)
             Began as a Troll Berserker on Apr 1, 2022.
             Was a High Priest of Trog.
             Slain by a scorpion (4 damage)
             ... on level 5 of the Dungeon.
             The game lasted 00:57:31 (3960 turns).

Kangaroobicon the Ruffian (Troll Berserker)         Turns: 3960, Time: 00:57:32

Health: -2/68      AC:  5    Str: 28    XL:     7   Next: 97%
Magic:  6/6        EV: 10    Int:  3    God:    Trog [*****.]
Gold:   90         SH:  0    Dex:  9    Spells: 6/6 levels left

rFire   . . .      SeeInvis .     - Unarmed
rCold   . . .      Faith    +   (no shield)
rNeg    . . .      Spirit   .   i - +0 robe
rPois   .          Reflect  .   (helmet restricted)
rElec   .          Harm     .   g - +0 cloak
rCorr   .          Rampage  .   (gloves unavailable)
Will    .....                   (boots unavailable)
Stlth   +.........              e - amulet of faith
HPRegen 1.01/turn               (no ring)
MPRegen 0.10/turn               (no ring)

@: lethally poisoned (-2 -> -18), very slow
A: large, unfitting armour, claws 3, regeneration 1, shaggy fur 1, tough skin 1
a: Renounce Religion, Berserk, Trog's Hand, Brothers in Arms


You were on level 5 of the Dungeon.
You worshipped Trog.
Trog was extremely pleased with you.
You visited 2 branches of the dungeon, and saw 6 of its levels.
You also visited: Sewer.

You collected 90 gold pieces.

Inventory:

Hand Weapons
 q - a +1 dagger of draining
 u - a +2 dagger of pain
Missiles
 b - 288 stones
 f - 28 arrows
 m - 2 boomerangs (quivered)
 n - 2 curare-tipped darts
 r - 19 poisoned darts
 x - 14 sling bullets
Armour
 a - a +0 animal skin
 g - a +0 cloak (worn)
 i - a +0 robe (worn)
Jewellery
 e - an amulet of faith (around neck)
 w - an amulet of regeneration
Wands
 o - a wand of paralysis (7)
 p - a wand of iceblast (10)
Scrolls
 c - a scroll of immolation
 h - 3 scrolls of teleportation
 j - a scroll of enchant armour {unknown}
 s - 2 scrolls of fear {unknown}
 t - 3 scrolls of brand weapon
 v - 2 scrolls of enchant weapon {unknown}
 y - a scroll of magic mapping {unknown}
 A - a scroll of fog {unknown}
 F - 2 scrolls of blinking
Potions
 d - 2 potions of flight {unknown}
 k - a potion of cancellation {unknown}
 l - a potion of invisibility {unknown}
 z - 2 potions of heal wounds
 B - a potion of curing {unknown}
 C - 2 potions of attraction
 D - 2 potions of mutation {unknown}
 E - a potion of might {unknown}


   Skills:
 + Level 3.8 Fighting
 + Level 1.3 Throwing
 + Level 4.3 Dodging
 + Level 0.8 Stealth
 + Level 7.4 Unarmed Combat


You had 6 spell levels left.
You didn't know any spells.
Your spell library contained the following spells:

 Spells                   Type           Power      Damage    Failure   Level
 Freeze                   Ice            0%         1d3       52%         1
 Frozen Ramparts          Ice            0%         1d2       88%         3
 Hailstorm                Conj/Ice       0%         3d3       99%         4
 Summon Forest            Summ/Tloc      0%         N/A       100%        5
 Eringya's Noxious Bog    Tmut/Pois      0%         N/A       100%        6
 Summon Hydra             Summ           0%         N/A       100%        7


Dungeon Overview and Level Annotations

Branches:
Dungeon (5/15)             Temple (1/1) D:4           Sewer (visited)

Altars:
Ashenzari
Dithmenos
Elyvilon
Fedhas
Kikubaaqudgha
Makhleb
Nemelex Xobeh
Qazlal
Ru
Sif Muna
Trog
Uskayaw
Vehumet
Wu Jian
Xom
Zin
The Shining One

Shops:
D:4 :

Annotations:
D:5 Dowan, Duvessa, Ijyb


Innate Abilities, Weirdness & Mutations

You are too large for most types of armour.
You have claws for hands.
Your natural rate of healing is unusually fast.
You are covered in fur. (AC +1)
You have tough skin. (AC +1)


Message History

You feel very sick. The hound barely misses you. The scorpion stings you.
The scorpion barely misses you.
You claw the hound! You claw the hound.
You kill the hound!
Trog accepts your kill.
You feel very sick. The scorpion stings you.
You are more poisoned.
The scorpion poisons you! The scorpion stings you.
You enter the shallow water.
Moving in this stuff is going to be slow.
You feel very sick. The scorpion barely misses you. The scorpion stings you!
* * * LOW HITPOINT WARNING * * *
You see here a hound corpse.
Blink to where?
Press: ? - help, Dir - move target, f - you
Okay, then.
You feel very sick. The scorpion stings you.
* * * LOW HITPOINT WARNING * * *
The scorpion closely misses you. The scorpion stings you.
* * * LOW HITPOINT WARNING * * *
You are more poisoned.
The scorpion poisons you!
You feel much better.
* * * LOW HITPOINT WARNING * * *
You feel very sick. The scorpion stings you.
* * * LOW HITPOINT WARNING * * *
The scorpion stings you.
* * * LOW HITPOINT WARNING * * *
You are more poisoned.
The scorpion poisons you!
You barely miss the scorpion.
* * * LOW HITPOINT WARNING * * *
You feel very sick. The scorpion stings you.
You die...

... ## # #### ####
##≈≈####≈≈##
.....###≈h≈ss≈≈o≈≈#
........##≈≈####≈†##
.........#o##†≈##≈#
.........#÷÷@s.≈#≈#
#.......##≈≈≈s†≈#≈#
.........####≈≈##r#
........##≈≈####≈o##
...#.....s≈{≈≈≈≈≈≈≈#
............##≈≈####≈≈##
.........##..##### ####
.........###.S...##
..#........#......#


You could see 2 scorpions and an orc wizard.

Vanquished Creatures
  Sigmund (D:3)
  3 kobold brigands
  2 howler monkeys (D:4)
  A jelly (D:4)
  2 hounds (D:5)
  2 iguanas
  Natasha (D:3)
  Robin (D:3)
  3 gnolls (D:3)
  12 adders
  6 river rats
  An adder skeleton (D:4)
  9 worms
  A dart slug (D:1)
  4 orcs (D:3)
  9 ball pythons
  5 bats
  5 endoplasms
  7 giant cockroaches
  13 goblins
  6 hobgoblins
  8 jackals
  7 quokkas
  6 frilled lizards
  23 kobolds
  11 rats
149 creatures vanquished.

Vanquished Creatures (others)
  17 plants (Sewer)
17 creatures vanquished.

Grand Total: 166 creatures vanquished

Notes
Turn   | Place    | Note
-------+----------+-------------------------------------------
     0 | D:1      | Kangaroobicon the Troll Berserker began the quest for the
                  | Orb.
     0 | D:1      | Reached XP level 1. HP: 22/22 MP: 0/0
    12 | D:1      | Found a faded altar of an unknown god.
   170 | D:1      | Reached XP level 2. HP: 26/29 MP: 1/1
   641 | D:2      | Reached XP level 3. HP: 36/36 MP: 2/2
   668 | D:2      | You fall into a shaft and drop 1 floor!
   700 | D:3      | Noticed Sigmund
   716 | D:3      | Killed Sigmund
   716 | D:3      | Reached ** piety under Trog
   717 | D:3      | Reached skill level 5 in Unarmed Combat
   717 | D:3      | Reached XP level 4. HP: 29/45 MP: 3/3
   717 | D:3      | Reached XP level 5. HP: 34/53 MP: 4/4
   786 | D:3      | Noticed Robin
   797 | D:3      | Killed Robin
   985 | D:3      | Reached XP level 6. HP: 37/61 MP: 5/5
  1059 | D:3      | Reached skill level 6 in Unarmed Combat
  1145 | D:3      | Reached *** piety under Trog
  1243 | D:3      | Noticed Natasha
  1250 | D:3      | Killed Natasha
  1286 | D:3      | Found a hide-covered altar of Uskayaw.
  1704 | D:2      | Reached XP level 7. HP: 67/67 MP: 6/6
  2029 | D:2      | Reached **** piety under Trog
  2325 | D:4      | Found a staircase to the Ecumenical Temple.
  2332 | Temple   | Entered the Ecumenical Temple
  2530 | D:4      | Found a shadowy altar of Dithmenos.
  2872 | D:4      | Reached skill level 1 in Throwing
  2908 | D:4      | Found a bloodstained altar of Trog.
  2925 | D:4      | Found a blossoming altar of Fedhas.
  3159 | D:4      | Found Mawekk's Book Boutique.
  3279 | D:5      | Entered Level 5 of the Dungeon
  3284 | D:5      | Noticed Dowan
  3289 | D:5      | Noticed Duvessa
  3350 | D:5      | Noticed Ijyb
  3389 | D:5      | Found a glowing drain.
  3403 | Sewer    | Entered a sewer
  3603 | Sewer    | Reached skill level 7 in Unarmed Combat
  3650 | Sewer    | Reached ***** piety under Trog
  3958 | D:5      | HP: 1/68 [scorpion (6)]
  3960 | D:5      | Slain by a scorpion

Illustrated notes

Levels and vault maps discovered:
D:1:      minmay_arrival_three_doors, layout_loops_ring,
          hellmonk_ecumenical_altar_blasted, minmay_misc_feat_tiny
D:2:      layout_loops_ring
D:3:      cheibrodos_thug_alley, layout_basic,
          mainiacjoe_overflow_cross_hatched, hangedman_decor_clover_reticule,
          kennysheep_generic_room_14, uniq_natasha, uniq_sigmund, uniq_robin
D:4:      minmay_skewed_foursquare, layout_basic, mainiacjoe_overflow_big_doors,
          grunt_dithmenos_smoke, minmay_temple_entry_junction, serial_shops,
          nicolae_stop_n_shop_1
D:5:      layout_cave_pools, gup_sewer_entry_bubbles, chequers_avenue,
          minmay_diced_spiral, uniq_ijyb, uniq_duvessa, uniq_pikel
Temple:   dshaligram_water_room_temple

Skill      XL: |  1  2  3  4  5  6  7 |
---------------+----------------------+-----
Fighting       | 3 |  3.8
Dodging        | 3 4 |  4.3
Unarmed Combat | 5 6 7 |  7.4
Throwing       | 1 |  1.3
Stealth        | |  0.8

Action                   |  1- 3 |  4- 6 |  7- 9 || total
-------------------------+-------+-------+-------++-------
Melee: Unarmed           |    73 |   114 |   205 ||   392
       Punch             |     3 |     3 |     7 ||    13
Throw: Stone             |       |     8 |       ||     8
       Boomerang         |       |     7 |    14 ||    21
  Use: Scroll            |       |       |     5 ||     5
       Potion            |       |       |     1 ||     1
 Stab: Sleeping          |       |       |     1 ||     1
Armor: Animal skin       |    22 |       |       ||    22
       Robe              |       |    23 |    71 ||    94
Dodge: Dodged            |    23 |    51 |   127 ||   201
